 Dungeon Crawl Stone Soup version 0.23.2 (webtiles) character file.

Game seed: 11608994853890134647

1935 Borgoz the Cutter (level 9, -12/55 HPs)
             Began as a Kobold Monk on Apr 12, 2019.
             Was a Believer of Ashenzari.
             Mangled by an ogre
             ... wielding a +0 giant club
              (27 damage)
             ... on level 6 of the Dungeon.
             The game lasted 00:17:39 (7389 turns).

Borgoz the Cutter (Kobold Monk)                     Turns: 7389, Time: 00:17:40

Health: -12/55     AC:  5    Str: 10    XL:     9   Next: 40%
Magic:  12/12      EV: 19    Int:  9    God:    Ashenzari [**....]
Gold:   288        SH:  0    Dex: 19    Spells: 9/13 levels left

rFire    . . .     SeeInvis +   a - +1 short sword
rCold    . . .     Gourm    .   (shield restricted)
rNeg     . . .     Faith    .   n - +0 leather armour {rPois}
rPois    +         Spirit   .   (no helmet)
rElec    .         Reflect  .   (no cloak)
rCorr    .         Harm     .   (no gloves)
MR       ++...                  (no boots)
Stlth    +++.......             (no amulet)
HPRegen  0.18/turn              o - ring of protection from magic
MPRegen  0.13/turn              r - ring of see invisible (curse)

@: no status effects
A: small, icy blue scales 1, carnivore, dopey 1, magic resistance 1
a: Curse Item, Scrying, Renounce Religion


You were on level 6 of the Dungeon.
You worshipped Ashenzari.
Ashenzari was pleased with you.
You were very full.

You visited 2 branches of the dungeon, and saw 8 of its levels.

You collected 288 gold pieces.

Inventory:

Hand Weapons
 a - a +1 short sword (weapon)
Armour
 n - a +0 leather armour of poison resistance (worn)
Jewellery
 g - a +2 ring of evasion
 i - an uncursed ring of poison resistance
 o - a ring of protection from magic (left hand)
 r - a cursed ring of see invisible (right hand)
Wands
 f - a wand of paralysis (5)
Scrolls
 h - 6 scrolls of remove curse
 j - a scroll of magic mapping
 l - 2 scrolls of fog
 p - 2 scrolls of teleportation {unknown}
Potions
 b - a potion of invisibility
 d - a potion of curing
 e - 2 potions of mutation
 m - a potion of cancellation
 q - a potion of degeneration {unknown}
Comestibles
 c - 18 rations


   Skills:
 + Level 5.7 Fighting
 + Level 7.1 Short Blades
 * Level 5.1 Armour
 + Level 6.4 Dodging
 - Level 5.2 Stealth
 + Level 2.5 Spellcasting
 * Level 4.0 Hexes


You had 9 spell levels left.
You knew the following spells:

 Your Spells              Type           Power        Failure   Level  Hunger
a - Confusing Touch       Hex            #.....       8%          1    ##.....
b - Confuse               Hex            #.......     24%         3    ####...

Your spell library contained the following spells:

 Spells                   Type           Power        Failure   Level  Hunger
 Corona                   Hex            #......      8%          1    ##.....
 Summon Small Mammal      Summ           #...         38%         1    ##.....
 Summon Guardian Golem    Hex/Summ       #.......     50%         3    ####...
 Call Imp                 Summ           #.......     54%         2    ###....
 Call Canine Familiar     Summ           #.......     77%         3    ####...
 Gell's Gravitas          Tloc           #.........   77%         3    ####...
 Fulminant Prism          Conj/Hex       #.........   88%         4    #####..
 Petrify                  Tmut/Erth      #.......     99%         4    #####..
 Summon Ice Beast         Ice/Summ       #.......     99%         4    #####..
 Summon Lightning Spire   Summ/Air       #.......     99%         4    #####..
 Metabolic Englaciation   Hex/Ice        #.........   99%         5    ######.
 Yara's Violent Unravell  Hex/Tmut       #.........   99%         5    ######.
 Spellforged Servitor     Conj/Summ      #.........   100%        7    #######


Dungeon Overview and Level Annotations

Branches:
Dungeon (7/15)             Temple (1/1) D:4

Altars:
Ashenzari
Cheibriados
Dithmenos
Elyvilon
Fedhas
Gozag
Hepliaklqana
Kikubaaqudgha
Makhleb
Nemelex Xobeh
Okawaru
Qazlal
Ru
Sif Muna
Trog
Vehumet
Wu Jian
Xom
Zin
The Shining One

Annotations:
D:4 4 runed translucent doors, Dowan, Duvessa
D:5 Eustachio


Innate Abilities, Weirdness & Mutations

You are small and have problems with some larger weapons.
You are carnivorous and can eat meat at any time.
You are partially covered in icy blue scales. (AC +2)
You are dopey. (Int -2)
You are resistant to hostile enchantments. (MR+)


Message History

You hit the ogre but do no damage. The ogre hits you with a +0 giant club!
You are too injured to fight recklessly!
You are too injured to fight recklessly!
You are too injured to fight recklessly!
You are too injured to fight recklessly!
You hit the ogre but do no damage.
The ogre appears confused.
You hit the ogre.
The ogre is lightly wounded.
The ogre hits you with a +0 giant club!
* * * LOW HITPOINT WARNING * * *
You hit the ogre.
The ogre is moderately wounded.
You feel better.
You hit the ogre but do no damage.
The ogre is moderately wounded.
You catch the helpless ogre completely off-guard!
You impale the ogre!!
The ogre is almost dead.
The ogre hits you with a +0 giant club!!
You die...

, , , , , , * * * #,* * , *
*, ,, ,#.## , ,, , . ,
....## * * ##..
#.....######## , ... ,
###.#..........#### ** .** ,
......##..####....# ####
####.,......,#..@.......[#.#
#... ....)
......*###.O.>####[.g###...
##
*......####.#..#####...g.g..
*.......................g...
### .....
#.#...#...##..####...
..####.... ,#.#.#####....##
#...
#.....#######.#.#####...##
####
.........................##
######.#####..#
##..####..####


You could see an ogre (confused).

Vanquished Creatures
  A hippogriff (D:7)
  3 hogs (D:7)
  A yak (D:7)
  A human (D:7)
  A water moccasin (D:7)
  An ogre (D:3)
  A centaur (D:7)
  A crocodile (D:4)
  3 bullfrogs
  A crimson imp (D:7)
  A bullfrog zombie (D:6)
  A centaur skeleton (D:5)
  2 hounds
  2 orc priests
  An orc wizard (D:3)
  Jessica (D:1)
  Terence (D:2)
  An iguana (D:6)
  2 worker ants
  A hound zombie (D:7)
  2 gnolls
  6 adders
  An ooze (D:2)
  An adder skeleton (D:5)
  An adder zombie (D:6)
  A worm (D:5)
  A dart slug (D:1)
  A leopard gecko (D:2)
  14 orcs
  2 giant cockroaches
  8 hobgoblins
  10 jackals
  7 kobolds
  6 bats
  3 frilled lizards
  A giant cockroach zombie (D:4)
  8 goblins
  A leopard gecko skeleton (D:4)
  18 rats
119 creatures vanquished.

Notes
Turn   | Place    | Note
-------+----------+-------------------------------------------
     0 | D:1      | Borgoz the Kobold Monk began the quest for the Orb.
     0 | D:1      | Reached XP level 1. HP: 14/14 MP: 1/1
    39 | D:1      | Reached XP level 2. HP: 11/19 MP: 2/2
   473 | D:1      | Reached skill level 1 in Armour
   670 | D:1      | Reached XP level 3. HP: 22/23 MP: 3/3
   966 | D:2      | Noticed Jessica
   988 | D:1      | Killed Jessica
   988 | D:1      | Reached XP level 4. HP: 12/28 MP: 4/4
  1604 | D:2      | Reached XP level 5. HP: 24/33 MP: 5/5
  1614 | D:2      | Noticed Terence
  1659 | D:2      | Gained mutation: You are partially covered in icy blue
                  | scales. (AC +2) [potion of mutation]
  1659 | D:2      | Gained mutation: You are dopey. (Int -2) [potion of
                  | mutation]
  1659 | D:2      | Gained mutation: You are resistant to hostile enchantments.
                  | (MR+) [potion of mutation]
  1672 | D:2      | Killed Terence
  1928 | D:2      | Found an ornate altar of the Wu Jian Council.
  1929 | D:2      | Found a glowing golden altar of the Shining One.
  2339 | D:3      | Found a faded altar of an unknown god.
  2847 | D:3      | Reached skill level 5 in Short Blades
  2847 | D:3      | Reached XP level 6. HP: 20/38 MP: 6/6
  3104 | D:3      | Noticed an ogre
  3115 | D:3      | Killed an ogre
  3639 | D:4      | Found a large runed translucent door.
  3639 | D:4      | Found a large runed translucent door.
  3641 | D:4      | Noticed Dowan
  3646 | D:4      | Noticed Duvessa
  3689 | D:4      | Reached XP level 7. HP: 20/43 MP: 7/7
  3692 | D:4      | Identified the Reference Book on Execration and the Escort
  3874 | D:4      | Found a large runed translucent door.
  3874 | D:4      | Found a large runed translucent door.
  3972 | D:4      | Found a staircase to the Ecumenical Temple.
  3985 | Temple   | Entered the Ecumenical Temple
  4112 | Temple   | Became a worshipper of Ashenzari the Shackled
  4112 | Temple   | Reached * piety under Ashenzari
  4112 | Temple   | Reached ** piety under Ashenzari
  4271 | D:5      | Entered Level 5 of the Dungeon
  4833 | D:5      | Reached skill level 5 in Dodging
  5099 | D:5      | Found a sparkling altar of Nemelex Xobeh.
  5123 | D:5      | Reached skill level 5 in Stealth
  5403 | D:6      | Noticed a water moccasin
  5446 | D:7      | Killed a water moccasin
  5671 | D:7      | Found a sacrificial altar of Ru.
  5683 | D:7      | Learned a level 1 spell: Confusing Touch
  5750 | D:7      | Found a stormy altar of Qazlal.
  5795 | D:7      | Reached skill level 6 in Short Blades
  5795 | D:7      | Reached XP level 8. HP: 48/48 MP: 6/8
  5878 | D:7      | Noticed a human
  5882 | D:7      | Noticed a hog
  5897 | D:7      | Killed a human
  5897 | D:7      | Reached skill level 1 in Hexes
  5909 | D:7      | Killed a hog
  5909 | D:7      | Reached skill level 5 in Fighting
  5909 | D:7      | Reached skill level 1 in Spellcasting
  6097 | D:5      | Noticed Eustachio
  6584 | D:7      | Found a hazy altar of Hepliaklqana.
  6619 | D:7      | Noticed a hog
  6619 | D:7      | Noticed a hog
  6622 | D:7      | Noticed a yak
  6637 | D:7      | Killed a hog
  6645 | D:7      | Killed a yak
  6645 | D:7      | Reached XP level 9. HP: 39/54 MP: 9/12
  6878 | D:7      | Learned a level 3 spell: Confuse
  6897 | D:7      | Noticed a hippogriff
  6909 | D:7      | Killed a hippogriff
  6909 | D:7      | Reached skill level 7 in Short Blades
  6909 | D:7      | Reached skill level 5 in Armour
  7389 | D:6      | Mangled by an ogre

Skill      XL: |  1  2  3  4  5  6  7  8  9 |
---------------+----------------------------+-----
Stealth        | 3 4 5 |  5.2
Armour         | 1 2 3 4 5 |  5.1
Dodging        | 4 5 6 |  6.4
Fighting       | 4 5 |  5.7
Short Blades   | 5 6 7 |  7.1
Hexes          | 3 4 |  4.0
Spellcasting   | 2 |  2.5

Action                   |  1- 3 |  4- 6 |  7- 9 || total
-------------------------+-------+-------+-------++-------
Melee: Short sword       |   112 |   254 |   331 ||   697
Throw: Throwing net      |       |     2 |       ||     2
 Cast: Confusing Touch   |       |       |     8 ||     8
Evoke: Wand              |       |       |     3 ||     3
  Use: Potion            |       |     6 |     2 ||     8
       Scroll            |       |     7 |     4 ||    11
 Stab: Sleeping          |     4 |    12 |     7 ||    23
       Distracted        |       |     1 |       ||     1
       Invisible         |       |     1 |       ||     1
       Held in net/web   |       |     1 |       ||     1
       Confused          |       |       |    11 ||    11
       Paralysed         |       |       |     3 ||     3
  Eat: Chunk             |     9 |     8 |    12 ||    29
Armor: Robe              |     9 |    12 |    14 ||    35
       Skin              |       |    19 |       ||    19
       Leather armour    |       |       |    17 ||    17
Dodge: Dodged            |    83 |   170 |   227 ||   480
